AoeStats
← DLAGON_MILENALIO

Golden Pit

503719457Analyzed
1v1 RM · 1mo ago on Sep 2, 2026· 39m 46s· 2 players
Game mode
Random Map
Map size
Tiny (2 player)
Population
200
Speed
Normal
Resources
Standard
Victory
Conquest
Starting age
Dark Age
Ending age
Imperial Age
RankedLock teamsTeams togetherTeam positionsShared explorationLock speedFull tech treeHidden civsTurbo modeCheats
Victory
Defeat
🇨🇴 Byzantines · Colombia
1235
+15
🇧🇷 Vietnamese · Brazil
1217
-15
Kapnoob
8:14 Loom
10:35 Feudal Age
10:55 Man-at-Arms
11:29 Double-Bit Axe
12:40 Arson
17:34 Gold Mining
18:30 Fletching
21:02 Padded Archer Armor
24:00 Castle Age
24:39 Bodkin Arrow
24:11 Elite Skirmisher
26:02 Crossbowman
26:59 Leather Archer Armor
27:56 Bow Saw
36:58 Wheelbarrow
37:04 Ballistics
37:54 Hand Cart
38:05 Scale Barding Armor
38:11 Forging
DLAGON_MILENALIO
6:56 Loom
10:04 Feudal Age
10:53 Double-Bit Axe
11:55 Horse Collar
14:44 Fletching
16:12 Padded Archer Armor
21:17 Castle Age
21:59 Bodkin Arrow
22:09 Elite Skirmisher
23:56 Leather Archer Armor
27:03 Scale Mail Armor
26:47 Man-at-Arms
26:47 Pikeman
28:56 Wheelbarrow
29:41 Devotion
30:58 Ballistics
31:05 Redemption
31:52 Sanctity
33:18 Fervor
38:59 Imperial Age
37:36 Gold Mining
37:53 Scale Barding Armor
39:43 Bracer
40:50 Ring Archer Armor
40:45 Chain Barding Armor
Connection lost

Rejoining the realm…

Still unreachable

The connection could not be restored.

Session expired

The server has moved on; the page needs a fresh start.